 Dungeon Crawl Stone Soup version 0.29.1-15-g9cfb28693d (webtiles) character file.

Game seed: 10545858729363455681

21 croobank the Sneak (level 2, -4/18 HPs)
             Began as an Octopode Fire Elementalist on Apr 28, 2023.
             Was a High Priest of Ignis.
             Slain by Terence
             ... wielding a +0 trident
              (9 damage)
             ... on level 2 of the Dungeon.
             The game lasted 00:02:36 (1259 turns).

croobank the Sneak (Octopode Fire Elementalist)     Turns: 1259, Time: 00:02:36

Health: -4/18      AC:  8    Str:  7    XL:     2   Next: 87%
Magic:  1/5        EV: 13    Int: 17    God:    Ignis [*****.]
Gold:   11         SH:  0    Dex: 12    Spells: 2/5 levels left

rFire   + . .      SeeInvis .   (no weapon)
rCold   . . .      Faith    .   (no shield)
rNeg    . . .      Spirit   .   (helmet restricted)
rPois   .          Reflect  .   (no amulet)
rElec   .          Harm     .   (no ring)
rCorr   .          Rampage  .   (no ring)
Will    .....                   (no ring)
Stlth   +++.......              (no ring)
HPRegen 0.06/turn               (no ring)
MPRegen 0.09/turn               (no ring)
                                (no ring)
                                (no ring)

@: fiery-armoured
A: almost no armour, amphibious, 8 rings, camouflage 1, gelatinous body 1,
(nimble swimmer 1), tentacles
a: Renounce Religion, Fiery Armour, Foxfire Swarm, Rising Flame


You were on level 2 of the Dungeon.
You worshipped Ignis.
Ignis was extremely pleased with you.
You visited 1 branch of the dungeon, and saw 2 of its levels.

You collected 11 gold pieces.

Inventory:

Scrolls
 c - a scroll of identify {unknown}
Potions
 b - a potion of invisibility {unknown}
 d - a potion of attraction {unknown}
 e - 2 potions of haste {unknown}
 f - a potion of heal wounds {unknown}
 g - a potion of flight {unknown}


   Skills:
 + Level 0.5 Fighting
 + Level 2.2 Dodging
 + Level 3.1 Stealth
 + Level 0.5 Unarmed Combat
 + Level 2.2 Spellcasting
 + Level 1.2 Conjurations
 + Level 3.1 Fire Magic


You had 2 spell levels left.
You knew the following spells:

 Your Spells              Type           Power      Damage    Failure   Level
a - Foxfire               Conj/Fire      36%        2x1d5     8%          1
b - Scorch                Fire           24%        2d6       9%          2

Your spell library contained the following spells:

 Spells                   Type           Power      Damage    Failure   Level
 Conjure Flame            Conj/Fire      9%         6-21      24%         3
 Inner Flame              Hex/Fire       7%         N/A       30%         3
 Flame Wave               Conj/Fire      9%         2d6       61%         4


Dungeon Overview and Level Annotations

Branches:
Dungeon (2/15)

Altars:
Ignis

Shops:
D:2 !

Annotations:
D:2 Terence


Innate Abilities, Weirdness & Mutations

You cannot wear most types of armour.
You are amphibious.
You can wear up to eight rings at the same time.
Your skin changes colour to match your surroundings (Stealth+).
Your rubbery body absorbs attacks. (AC +1, EV +1)
((You are camouflaged when in or above water. (Stealth+)))
You have tentacles for arms and can constrict up to eight enemies at once.


Message History

Terence is lightly wounded.
Casting: Foxfire (safe; 8% risk of failure)
Confirm with . or Enter, or press ? or * to list all spells.
Flames lash Terence.
Terence is moderately wounded.
Terence's fire resistance burns away.
The foxfire hits Terence.
Terence is burned terribly!
Terence is heavily wounded.
The foxfire hits Terence but does no damage.
Terence is heavily wounded.
Casting: Scorch (safe; 9% risk of failure)
Confirm with . or Enter, or press ? or * to list all spells.
You don't have enough magic to cast this spell.
Casting: Scorch (safe; 9% risk of failure)
Confirm with . or Enter, or press ? or * to list all spells.
You don't have enough magic to cast this spell.
Magic courses through your body.
Casting: Scorch (safe; 9% risk of failure)
Confirm with . or Enter, or press ? or * to list all spells.
Flames lash Terence.
Terence is severely wounded.
Terence's fire resistance burns away.
Terence hits you from afar with a +0 trident.
Casting: Scorch (safe; 9% risk of failure)
Confirm with . or Enter, or press ? or * to list all spells.
Flames lash Terence but do no damage.
Terence hits you from afar with a +0 trident!
* * * LOW HITPOINT WARNING * * *
Casting: Scorch (safe; 9% risk of failure)
Confirm with . or Enter, or press ? or * to list all spells.
You don't have enough magic to cast this spell.
A protective cloak of flame settles atop you.
Terence barely misses you.
Casting: Scorch (safe; 9% risk of failure)
Confirm with . or Enter, or press ? or * to list all spells.
You conjure some foxfire!
Terence is no longer more vulnerable to fire.
Terence hits you from afar with a +0 trident!
Ouch! That really hurt!
You die...

#.....# .# #.....# .#
#.....##.## +.........
#.......########## .
#.......'..∩..<..+ ...
#.......##########....
###†.......[v.........
#........@v@......#
#.........#########
#.........#####
#.............#
#.............#
#######.....$.#
#.......# .........#
......#####


You could see Terence (ally target).

Vanquished Creatures
  A worm (D:2)
  2 ball pythons (D:1)
  A bat (D:1)
  2 endoplasms (D:1)
  A goblin (D:1)
  3 hobgoblins (D:1)
  A kobold (D:1)
  A quokka (D:1)
  4 frilled lizards (D:1)
  A rat (D:1)
17 creatures vanquished.

Vanquished Creatures (others)
  53 foxfires
53 creatures vanquished.

Grand Total: 70 creatures vanquished

Notes
Turn   | Place    | Note
-------+----------+-------------------------------------------
     0 | D:1      | croobank the Octopode Fire Elementalist began the quest for
                  | the Orb.
     0 | D:1      | Reached XP level 1. HP: 11/11 MP: 3/3
   540 | D:1      | Reached XP level 2. HP: 17/17 MP: 0/5
   583 | D:1      | Learned a level 2 spell: Scorch
   965 | D:1      | Found a faded altar of an unknown god.
   968 | D:1      | Prayed at the altar of an unknown god.
   968 | D:1      | Became a worshipper of Ignis, the Dying Flame
  1080 | D:2      | Found Tiuneucs's Distillery.
  1244 | D:2      | Noticed Terence
  1259 | D:2      | Slain by Terence

Illustrated notes

Levels and vault maps discovered:
D:1:      scummos_arrival_simple_crosswalls, layout_rooms,
          shapermc_ecumenical_altar_mp_urbaneastern
D:2:      layout_basic, serial_shops, nicolae_shop_hallway_stairs, basic_altar,
          minmay_hedge_maze, uniq_terence

Skill      XL: |  1  2 |
---------------+-------+-----
Stealth        | 3 |  3.1
Fighting       | |  0.5
Dodging        | |  2.2
Unarmed Combat | |  0.5
Spellcasting   | |  2.2
Conjurations   | |  1.2
Fire Magic     | |  3.1

Action                   || total
-------------------------++-------
Melee: Unarmed           ||     9
       Constrict         ||     3
       Tentacles         ||     4
 Cast: Foxfire           ||    28
       Scorch            ||     5
Invok: Fiery Armour      ||     1
  Use: Potion            ||     1
 Stab: Sleeping          ||     1
Dodge: Dodged            ||     3
